 Dungeon Crawl Stone Soup version 0.19.1 (webtiles) character file.

161 Patate the Sneak (level 5, -2/24 HPs)
             Began as a Spriggan Enchanter on Dec 18, 2016.
             Splashed by a jelly's acid (7 damage)
             ... on level 4 of the Dungeon.
             The game lasted 00:10:07 (3588 turns).

Patate the Sneak (Spriggan Enchanter)               Turns: 3588, Time: 00:10:07

Health: -2/24      AC: -1    Str:  5    XL:     5   Next: 18%
Magic:  8/10       EV: 20    Int: 17    God:
Gold:   127        SH:  0    Dex: 16    Spells: 2 memorised, 6 levels left

rFire  . . .     SeeInvis +     a - +1 dagger
rCold  . . .     Gourm    .     b - +1 robe
rNeg   . . .     Faith    .     (shield restricted)
rPois  .         Spirit   .     (helmet restricted)
rElec  .         Reflect  .     (no cloak)
rCorr  .         Harm     .     (gloves unavailable)
MR     .....                    (boots unavailable)
Stlth  ++++......               (no amulet)
                                (no ring)
                                (no ring)

@: corroded, very quick
A: unfitting armour, see invisible, herbivore 3, speed 3, slow metabolism 2
a: no special abilities


You were on level 4 of the Dungeon.
You were near starving.

You visited 1 branch of the dungeon, and saw 4 of its levels.

You collected 127 gold pieces.

Inventory:

Hand Weapons
 a - a +1 dagger (weapon)
Armour
 b - a +1 robe (worn)
Scrolls
 e - a scroll of teleportation {unknown}
 f - a scroll of recharging
 j - 2 scrolls of amnesia {unknown}
 m - a scroll of noise {unknown}
 q - 2 scrolls of enchant weapon {unknown}
 r - a scroll of immolation {unknown}
 t - a scroll of remove curse {unknown}
Potions
 g - a potion of invisibility
 h - a potion of haste
 i - a potion of mutation {unknown}
 k - a potion of brilliance
 l - 2 potions of cancellation {unknown}
 n - a potion of degeneration {unknown}
 o - a potion of lignification {unknown}
 p - 2 potions of agility {unknown}
 s - a potion of heal wounds {unknown}
Books
 c - a book of Maledictions

   Spells                             Type                      Level
   a - Corona                         Hexes                        1
   b - Ensorcelled Hibernation        Hexes/Ice                    2
   c - Confuse                        Hexes                        3
   d - Tukima's Dance                 Hexes                        3
   e - Dazzling Spray                 Conjuration/Hexes            3
Comestibles
 d - 2 bread rations


   Skills:
 + Level 2.9 Short Blades
 + Level 4.5 Dodging
 * Level 7.2 Stealth
 - Level 2.6 Spellcasting
 - Level 3.6 Hexes


You had 6 spell levels left.
You knew the following spells:

 Your Spells              Type           Power        Failure   Level  Hunger
a - Corona                Hex            ##.....      4%          1    #......
b - Ensorcelled Hibernat  Hex/Ice        #.....       17%         2    ##.....


Dungeon Overview and Level Annotations

Branches:
Dungeon (4/15)
 Temple: D:4-7

Altars:
Ashenzari
Vehumet
Zin

Portals:
Ossuary: D:4


Innate Abilities, Weirdness & Mutations

You are very small and have problems with some larger weapons.
You are too small for most types of armour.
You have supernaturally acute eyesight. (SInv)
You are a herbivore.
You cover ground extremely quickly.
You need consume almost no food.


Message History

Found 15 gold pieces.
The orc shouts!
The orc shouts!
You hit the jelly but do no damage.
Your hands burn!
The jelly hits you.
You are splashed with acid!
The acid burns!
You hit the jelly.
Your hands burn!
The jelly is lightly wounded.
The jelly closely misses you.
Casting: Ensorcelled Hibernation
Confirm with . or Enter, or press ? or * to list all spells.
Aiming: Ensorcelled Hibernation
Press: ? - help, Shift-Dir - straight line, f - jelly
Aim: a jelly (lightly wounded, chance to defeat MR: 49%)
The jelly resists with some effort.
You hit the jelly but do no damage.
Your hands burn!
The jelly is lightly wounded.
The jelly hits you.
* * * LOW HITPOINT WARNING * * *
The acid corrodes you!
You are splashed with acid!
The acid burns!
You die...

###############..........##.####.
.............................<...
###.###########...........##...##
##..#### #............#.....
.......########.)..........#.###.
.##.##..........######.##..#.....
.......########..# #.##..######
...∩...# ##.# #.##.....# .......#
#@# #.##.###.# .##.##.# #J# #.
#.# .. .......# #### #o# #.# ..
.+.##.###(...# #.# #.# .
.####......#


#oo #.# .#####.(...# $..# #.# ...........# #.o# #.# .#####.....# ...# .# #.....#
##.# You could see a jelly and 4 orcs.

Vanquished Creatures
  2 worker ants (D:4)
  A hound skeleton (D:4)
  3 gnolls
  3 adders
  An ooze (D:3)
  An adder skeleton (D:4)
  A dart slug (D:1)
  3 bats
  3 giant cockroaches
  5 goblins
  5 hobgoblins
  2 jackals (D:3)
  2 frilled lizards (D:1)
  6 kobolds
  8 rats
46 creatures vanquished.

Notes
Turn   | Place    | Note
-------+----------+-------------------------------------------
     0 | D:1      | Patate the Spriggan Enchanter began the quest for the Orb.
     0 | D:1      | Reached XP level 1. HP: 9/9 MP: 5/5
   328 | D:1      | Reached XP level 2. HP: 9/13 MP: 6/6
   415 | D:1      | Learned a level 2 spell: Ensorcelled Hibernation
   629 | D:1      | Reached skill level 5 in Stealth
   765 | D:1      | You fall through a shaft!
  1237 | D:1      | Reached XP level 3. HP: 16/16 MP: 5/8
  1712 | D:2      | Found a shattered altar of Ashenzari.
  1947 | D:2      | Found a radiant altar of Vehumet.
  2123 | D:2      | Found a shattered altar of Ashenzari.
  2173 | D:2      | Found a glowing silver altar of Zin.
  2341 | D:3      | Reached skill level 6 in Stealth
  2378 | D:3      | Reached XP level 4. HP: 21/21 MP: 9/9
  3281 | D:4      | Reached skill level 7 in Stealth
  3281 | D:4      | Reached XP level 5. HP: 24/24 MP: 10/10
  3507 | D:4      | Found a sand-covered staircase.
  3588 | D:4      | Splashed by a jelly's acid

Skill      XL: |  1  2  3  4 |
---------------+-------------+-----
Short Blades   | 2 |  2.9
Stealth        | 5 6 7 |  7.2
Dodging        | 4 |  4.5
Spellcasting   | |  2.6
Hexes          | |  3.6

Action                   |  1- 3 |  4- 6 || total
-------------------------+-------+-------++-------
Melee: Dagger            |   146 |    56 ||   202
 Cast: Ensorcelled Hiber |     9 |    14 ||    23
  Use: Scroll            |     3 |     1 ||     4
 Stab: Sleeping          |    13 |     5 ||    18
Armor: Robe              |    17 |     7 ||    24
Dodge: Dodged            |   101 |    50 ||   151
